 Dungeon Crawl Stone Soup version 0.26.1-11-gd32895ea62 (webtiles) character file.

Game seed: 10349076712242387084

32 Almogavar the Vandal (level 3, 0/24 HPs)
             Began as a Halfling Hunter on May 9, 2021.
             Slain by an adder (4 damage)
             ... on level 2 of the Dungeon.
             The game lasted 00:02:43 (1186 turns).

Almogavar the Vandal (Halfling Hunter)              Turns: 1186, Time: 00:02:43

Health: 0/24       AC:  3    Str: 13    XL:     3   Next: 45%
Magic:  3/3        EV: 14    Int:  9    God:
Gold:   106        SH:  0    Dex: 11    Spells: 2/2 levels left

rFire    . . .     SeeInvis .   b - +0 short sword
rCold    . . .     Faith    .   (shield restricted)
rNeg     . . .     Spirit   .   c - +0 leather armour
rPois    .         Reflect  .   (no helmet)
rElec    .         Harm     .   (no cloak)
rCorr    .         Rampage  .   (no gloves)
Will     .....                  (no boots)
Stlth    +.........             m - amulet of regeneration
HPRegen  0.48/turn              f - -4 ring of dexterity (curse)
MPRegen  0.08/turn              (no ring)

@: lethally poisoned (0 -> -1)
A: small, mutation resistance 1
a: no special abilities


You were on level 2 of the Dungeon.
You visited 1 branch of the dungeon, and saw 2 of its levels.

You collected 106 gold pieces.

Inventory:

Hand Weapons
 a - a +1 hunting sling
 b - a +0 short sword (weapon)
Missiles
 d - 17 sling bullets
 e - 28 stones (quivered)
Armour
 c - a +0 leather armour (worn)
 g - a +0 scale mail
 l - a +0 leather armour
Jewellery
 f - a cursed -4 ring of dexterity (left hand)
 m - an amulet of regeneration (around neck)
Scrolls
 h - a scroll of teleportation {unknown}
 j - a scroll of identify
Potions
 i - a potion of resistance
 k - a potion of magic {unknown}
 n - a potion of brilliance {unknown}


   Skills:
 + Level 1.7 Fighting
 + Level 7.2 Slings
 + Level 0.5 Armour
 + Level 2.1 Dodging
 + Level 1.1 Stealth


You had 2 spell levels left.
You didn't know any spells.
Your spell library was empty.

Dungeon Overview and Level Annotations

Branches:
Dungeon (2/15)

Altars:


Innate Abilities, Weirdness & Mutations

You are small and have problems with some larger weapons.
You are somewhat resistant to further mutation.


Message History

The slug dart hits you.
You are too injured to fight recklessly!
You are too injured to fight recklessly!
You are too injured to fight recklessly!
You are too injured to fight recklessly!
You are too injured to fight recklessly!
You are already wielding that!
b - a +0 short sword (weapon)
The adder bites you.
* * * LOW HITPOINT WARNING * * *
You are more poisoned.
The adder poisons you!
You barely miss the adder.
The adder is heavily wounded.
You feel sick. The adder bites you.
* * * LOW HITPOINT WARNING * * *
You miss the adder.
The adder is heavily wounded.
The adder bites you.
You die...

.#.# .#######...##
.#.##### . .#..
.................
........ ( ...
#.##.########....
.#.#### #(#.. #.##.#
##... .#.######.#.#..
#.##.# ####
............... #.##.#
#### ##.######.
#..##.##.# ##...
##.######.#.#.(......+
+....
##......#......S@....#
##...
##......#.#.#..##.##.#
#... ........+ ....<
#.##.# #...
........#.#.#.. #.##.#
#... ###.....# # #..
#.##.# #### # #.....#
..w #.##.############
# #.##+## ....
#.##............. #
#.. ##..
#.##.############ # ##
#.##.#


You could see an adder.

Vanquished Creatures
  A worm (D:2)
  2 dart slugs (D:1)
  A leopard gecko (D:1)
  2 giant cockroaches
  2 goblins (D:1)
  A hobgoblin (D:2)
  A ball python (D:1)
  7 bats
  A frilled lizard (D:2)
  5 kobolds
  A rat (D:1)
24 creatures vanquished.

Notes
Turn   | Place    | Note
-------+----------+-------------------------------------------
     0 | D:1      | Almogavar the Halfling Hunter began the quest for the Orb.
     0 | D:1      | Reached XP level 1. HP: 14/14 MP: 1/1
    12 | D:1      | Reached skill level 6 in Slings
   175 | D:1      | Reached XP level 2. HP: 19/19 MP: 2/2
   461 | D:1      | Reached XP level 3. HP: 24/24 MP: 3/3
   476 | D:1      | Reached skill level 7 in Slings
  1186 | D:2      | Slain by an adder

Illustrated notes

Levels and vault maps discovered:
D:1:      minmay_arrival_radiant_lines, layout_rooms, minmay_misc_feat_ornament,
          minmay_misc_feat_cross, minivault_11, corexii_hall_statues_s
D:2:      layout_basic

Skill      XL: |  1  2  3 |
---------------+----------+-----
Slings         | 6 7 |  7.2
Fighting       | |  1.7
Armour         | |  0.5
Dodging        | |  2.1
Stealth        | |  1.1

Action                   || total
-------------------------++-------
Melee: Short sword       ||    10
 Fire: Hunting sling     ||    49
  Use: Scroll            ||     2
Armor: Leather armour    ||     4
Dodge: Dodged            ||    19
